 Dungeon Crawl Stone Soup version 0.22-a0-525-gf69a080 (webtiles) character file.

61 Mgcat the Chopper (level 4, 0/37 HPs)
             Began as a Hill Orc Gladiator on June 21, 2018.
             Succumbed to a hobgoblin's poison
             ... on level 2 of the Dungeon.
             The game lasted 00:01:59 (1193 turns).

Mgcat the Chopper (Hill Orc Gladiator)              Turns: 1193, Time: 00:01:59

Health: 0/37       AC:  4    Str: 17    XL:     4   Next: 7%
Magic:  4/4        EV: 12    Int:  8    God:
Gold:   31         SH:  0    Dex: 12    Spells: 3/3 levels left

rFire    . . .     SeeInvis .   a - +0 war axe
rCold    . . .     Gourm    .   (no shield)
rNeg     . . .     Faith    .   b - +0 leather armour
rPois    .         Spirit   .   c - +0 helmet
rElec    .         Reflect  .   (no cloak)
rCorr    .         Harm     .   (no gloves)
MR       .....     Rnd*Tele +   (no boots)
Stlth    +.........             (no amulet)
HPRegen  0.12/turn              o - ring of teleportation (curse) {+/*tele, !d}
MPRegen  0.09/turn              (no ring)

@: lethally poisoned (0 -> -6)
A: no striking features
a: no special abilities


You were on level 2 of the Dungeon.
You were very hungry.

You visited 1 branch of the dungeon, and saw 2 of its levels.

You collected 31 gold pieces.

Inventory:

Hand Weapons
 a - a +0 war axe (weapon)
Missiles
 d - 3 throwing nets {=f, !d}
Armour
 b - a +0 leather armour (worn)
 c - a +0 helmet (worn)
Jewellery
 o - a cursed ring of teleportation (left hand) {+/*tele, !d}
   (You found it on level 1 of the Dungeon)
Scrolls
 h - 5 scrolls of identify {unknown}
 i - 2 scrolls of fear {unknown}
 j - a scroll of teleportation {unknown}
 k - a scroll of noise {unknown}
 m - a scroll of enchant armour {unknown}
Potions
 l - a potion of haste {unknown}
Comestibles
 f - 6 rations


   Skills:
 - Level 2.4 Fighting
 + Level 6.4 Axes
 - Level 1.7 Throwing
 - Level 2.4 Dodging


You had 3 spell levels left.
You didn't know any spells.
Your spell library was empty.

Dungeon Overview and Level Annotations

Branches:
Dungeon (2/15)

Altars:


Message History

You hit Robin but do no damage.
Robin is moderately wounded.
You slash the goblin!
You kill the goblin!
A goblin comes into view. It is wielding a dagger.
The goblin closely misses you. Robin hits you but does no damage.
You hit Robin.
Robin is heavily wounded.
You closely miss the goblin. The goblin closely misses you.
Robin roars a battlecry!
You hit Robin.
Robin is almost dead.
You closely miss the goblin. The goblin closely misses you.
Robin barely misses you.
You barely miss Robin.
Robin is almost dead.
You hit the goblin. The goblin hits you but does no damage.
Robin barely misses you.
Your leather armour prevents you from hitting Robin.
Robin is almost dead.
You barely miss the goblin. The goblin completely misses you.
Robin barely misses you.
You barely miss Robin.
Robin is almost dead.
You barely miss the goblin. The goblin hits you with a dagger.
The goblin hits you but does no damage.
You hit Robin but do no damage.
Robin is almost dead.
You barely miss the goblin. The goblin completely misses you.
You hit Robin but do no damage.
Robin is almost dead.
You closely miss the goblin.
You are feeling very hungry.
The goblin hits you but does no damage.
You closely miss Robin.
Robin is almost dead.
You closely miss the goblin.
The goblin no longer looks unusually strong.
Robin says, "Bow before me, strongest of all the hobgoblins!"
Robin roars a battlecry!
The goblin goes into a battle-frenzy!
The goblin barely misses you.
You hear a shout!
You hit Robin but do no damage.
Robin is almost dead.
You hit the goblin.
The goblin no longer looks unusually strong.
Robin hits you with a mace of protection.
* * * LOW HITPOINT WARNING * * *
The goblin barely misses you.
You hit Robin.
You kill Robin!
You barely miss the goblin.
The goblin no longer looks unusually strong.
The goblin hits you but does no damage.
You hit the goblin but do no damage.
The goblin is almost dead.
You closely miss the goblin. The goblin closely misses you.
The goblin completely misses you.
You hit the goblin.
You kill the goblin!
You have reached level 4!
You miss the goblin. You closely miss the goblin. You barely miss the goblin.
You hear a shout!
The goblin hits you but does no damage.
A hobgoblin comes into view.
The goblin barely misses you.
You barely miss the goblin. You closely miss the goblin.
The goblin barely misses you. The goblin completely misses you.
You closely miss the goblin. You hit the goblin.
The goblin hits you but does no damage. The goblin closely misses you.
The goblin hits you with a club.
* * * LOW HITPOINT WARNING * * *
You closely miss the goblin. You hit the goblin.
You kill the goblin!
The goblin misses you.
You closely miss the goblin. You barely miss the goblin.
The goblin no longer looks unusually strong.
The goblin hits you with a dagger.
* * * LOW HITPOINT WARNING * * *
The goblin hits you with a club.
* * * LOW HITPOINT WARNING * * *
You slash the goblin!
You kill the goblin!
You hit the goblin.
You kill the goblin!
The hobgoblin throws a poisoned tomahawk.
The poisoned tomahawk hits you.
* * * LOW HITPOINT WARNING * * *
You are lethally poisoned!
It was a potion of brilliance.
You feel clever all of a sudden.
* * * LOW HITPOINT WARNING * * *
You feel sick.
It was a potion of cancellation.
Your magical effects are unravelling.
You feel magically purged.
You feel a little less clever now.
You die...

#.#.).##..# #
##.#...##.## #.
######.........# ..
...............####.#
######..............#
##...........####.#
###............####.#
.....##.#....#.#))..#
####>..........)@#..#
#.##(###....###g.#
#.##.# #..####.gg#
#.##.# #..# #.#g#
#.##......# #. .#
#.#####...# #g g# #.#
#...[ .. .. ..# .# g#
#.# #. .#


There were no monsters in sight!

Vanquished Creatures
  Robin (D:2)
  2 worms (D:2)
  A ball python (D:1)
  3 bats
  A giant cockroach (D:1)
  14 goblins
  7 hobgoblins
  3 jackals (D:1)
  2 frilled lizards (D:1)
  3 kobolds
  A rat (D:2)
38 creatures vanquished.

Notes
Turn   | Place    | Note
-------+----------+-------------------------------------------
     0 | D:1      | Mgcat the Hill Orc Gladiator began the quest for the Orb.
     0 | D:1      | Reached XP level 1. HP: 18/18 MP: 1/1
    47 | D:1      | Reached XP level 2. HP: 20/25 MP: 2/2
   122 | D:1      | Reached skill level 5 in Axes
   664 | D:2      | Reached XP level 3. HP: 20/30 MP: 3/3
   669 | D:2      | HP: 7/30 [worm (3)]
   901 | D:2      | HP: 3/30 [worm (11)]
  1152 | D:2      | Noticed Robin
  1169 | D:2      | Reached skill level 6 in Axes
  1182 | D:2      | HP: 6/30 [Robin/mace of protection (5)]
  1183 | D:2      | Killed Robin
  1185 | D:2      | Reached XP level 4. HP: 8/37 MP: 4/4
  1188 | D:2      | HP: 8/37 [goblin/club[Robin] (1)]
  1191 | D:2      | HP: 2/37 [hobgoblin/poisoned tomahawk (3)]
  1193 | D:2      | Succumbed to a hobgoblin's poison

Vault maps used:
D:1:      scummos_arrival_simple_fountains, serial_bayou_lagoon_b
D:2:      first_ration, makhleb_heckhound_becter, uniq_robin

Skill      XL: |  1  2  3 |
---------------+----------+-----
Axes           | 5 6 |  6.4
Fighting       | |  2.4
Throwing       | |  1.7
Dodging        | |  2.4

Action                   |  1- 3 |  4- 6 || total
-------------------------+-------+-------++-------
Melee: War axe           |    99 |     6 ||   105
  Use: Potion            |       |     2 ||     2
Armor: Leather armour    |    35 |       ||    35
Dodge: Dodged            |    59 |     5 ||    64

Table legend:
 A = Spawn XP
 B = Non-spawn XP
 C = Spawn XP percentage of total XP
 D = Spawn monster count
 E = Non-spawn monster count
 F = Spawn count percentage of total count
 G = Total turns spent on level
                    A         B        C        D         E        F      G
               +---------+---------+-------+---------+---------+-------+---------
         Total |       0 |      88 |   0.0 |       0 |      38 |   0.0 |  1193
               +---------+---------+-------+---------+---------+-------+---------
           D:1 |       0 |      33 |   0.0 |       0 |      19 |   0.0 |   641
           D:2 |       0 |      55 |   0.0 |       0 |      19 |   0.0 |   552
               +---------+---------+-------+---------+---------+-------+---------

Vault maps used:
D:1:      scummos_arrival_simple_fountains, serial_bayou_lagoon_b
D:2:      first_ration, makhleb_heckhound_becter, uniq_robin

Table legend:
 A = Turns spent in this place as a percentage of turns spent in the entire game.
 B = Non-inter-level travel turns spent in this place as a percentage of non-inter-level travel turns spent in the entire game.
 C = Inter-level travel turns spent in this place as a percentage of turns spent in this place.
 D = Turns resting spent in this place as a percentage of non-inter-level travel turns spent in this place.
 E = Turns spent auto-exploring this place as a percentage of non-inter-level travel turns spent in this place.
 F = Non-inter-level travel turns spent in this place divided by the number of levels of this place that you've seen.
                   A       B       C       D       E      F
               +-------+-------+-------+-------+-------+----------------------
         Total | 100.0 | 100.0 |   1.4 |   0.0 |  83.6 | 588.0
       Dungeon | 100.0 | 100.0 |   1.4 |   0.0 |  83.6 | 588.0
               +-------+-------+-------+-------+-------+----------------------

Table legend:
 A = Kills in this place as a percentage of kills in entire the game.
 B = Kills by you in this place as a percentage of kills by you in the entire game.
 C = Kills by friends in this place as a percentage of kills by friends in the entire game.
 D = Other kills in this place as a percentage of other kills in the entire game.
 E = Experience gained in this place as a percentage of experience gained in the entire game.
 F = Experience gained in this place divided by the number of levels of this place that you have seen.
                   A       B       C       D       E      F
               +-------+-------+-------+-------+-------+----------------------
         Total | 100.0 | 100.0 |   N/A |   N/A | 100.0 |  44.0
       Dungeon | 100.0 | 100.0 |   N/A |   N/A | 100.0 |  44.0
               +-------+-------+-------+-------+-------+----------------------
